 Dungeon Crawl Stone Soup version 0.29-a0-582-ge82337ba6a (webtiles) character file.

Game seed: 10421838384131710688

186 zeratav the Cutter (level 5, -8/32 HPs)
             Began as a Kobold Monk on June 14, 2022.
             Killed by divine providence
             ... invoked by an orc priest
              (14 damage)
             ... on level 4 of the Dungeon.
             The game lasted 00:07:24 (3831 turns).

zeratav the Cutter (Kobold Monk)                    Turns: 3831, Time: 00:07:25

Health: -8/32      AC:  5    Str:  8    XL:     5   Next: 97%
Magic:  5/5        EV: 15    Int: 12    God:
Gold:   144        SH:  0    Dex: 19    Spells: 4/4 levels left

rFire   . . .      SeeInvis .   v - +1 whip (elec) {mace}
rCold   . . .      Faith    .   (no shield)
rNeg    . . .      Spirit   .   q - +0 leather armour
rPois   .          Reflect  .   r - +1 hat
rElec   .          Harm     .   (no cloak)
rCorr   .          Rampage  .   (no gloves)
Will    +....                   t - +0 pair of boots
Stlth   ++++......              (no amulet)
HPRegen 0.10/turn               y - ring of willpower
MPRegen 0.09/turn               (no ring)

@: no status effects
A: small, no large weapons, nightstalker 3
a: no special abilities


You were on level 4 of the Dungeon.
You visited 1 branch of the dungeon, and saw 4 of its levels.

You collected 144 gold pieces.


Innate Abilities, Weirdness & Mutations

You are small and have problems with some larger weapons.
You are completely attuned to the shadows.


   Skills:
 - Level 3.2 Fighting
 + Level 6.4 Short Blades
 - Level 3.6 Dodging
 - Level 6.0 Stealth


You had 4 spell levels left.
You didn't know any spells.
Your spell library was empty.

Inventory:

Hand Weapons
 a - a +0 short sword {short}
 i - a +1 dagger of holy wrath {short}
   (You took it off a goblin on level 1 of the Dungeon)
 v - a +1 whip of electrocution (weapon) {mace}
   (You took it off an orc on level 3 of the Dungeon)
Missiles
 k - 4 curare-tipped darts (quivered) {=fthrowing}
Armour
 b - a +0 chain mail
   (You found it on level 3 of the Dungeon)
 q - a +0 leather armour (worn)
   (You found it on level 2 of the Dungeon)
 r - a +1 hat (worn)
   (You found it on level 2 of the Dungeon)
 s - a +0 buckler
   (You found it on level 3 of the Dungeon)
 t - a +0 pair of boots (worn)
   (You found it on level 3 of the Dungeon)
 w - a +0 leather armour
   (You took it off an orc on level 3 of the Dungeon)
 z - a +0 leather armour
   (You took it off an orc on level 3 of the Dungeon)
 A - a +0 robe
   (You took it off an orc wizard on level 3 of the Dungeon)
Jewellery
 y - a ring of willpower (left hand)
   (You found it on level 3 of the Dungeon)
Wands
 x - a wand of paralysis (3)
   (You found it on level 3 of the Dungeon)
Scrolls
 e - a scroll of magic mapping {unknown}
 f - a scroll of enchant weapon {unknown}
 h - a scroll of blinking {unknown}
 j - a scroll of amnesia {unknown}
 l - 2 scrolls of acquirement {unknown}
 n - a scroll of teleportation {unknown}
 p - a scroll of identify {unknown}
 u - a scroll of enchant armour {unknown}
Potions
 c - a potion of ambrosia
 d - a potion of curing {unknown}
 g - 2 potions of heal wounds {unknown}
 m - a potion of magic {unknown}
 o - a potion of degeneration {unknown}

Dungeon Overview and Level Annotations

Branches:
Dungeon (4/15)
 Temple: D:4-7

Altars:

Annotations:
D:2 Sigmund
D:4 Edmund

####....
.........
...?....
.....#.####
.....#)o...
##....@o.##.
#...........#.
#......).......
#.....).##..#.#
#....)..##....
............#
...#####....#
... #...<# ..
#....#


You could see an orc priest and an orc wizard.


Message History

There is a stone staircase leading down here.
There is an open door here.
There is a stone staircase leading down here.
You climb downwards.
Level annotation: Edmund
There is a stone staircase leading up here.
Okay, then.
A kobold comes into view. It is wielding a +0 whip.
The kobold shouts!
You hear a shout!
An orc comes into view. It is wielding a +0 hand axe.
A worm comes into view.
The kobold closely misses you.
You hit the kobold. The kobold barely misses you.
You hit the kobold.
You kill the kobold!
The orc hits you with a +0 hand axe.
HP[-5]
You take 5 damage, and now have 27/32 hp.
You closely miss the orc. The orc hits you but does no damage.
HP[+1]
You barely miss the orc. The orc barely misses you.
You hit the orc. The worm bites you. The orc misses you.
HP[-1]
You take 1 damage, and now have 27/32 hp.
You hit the orc.
You kill the orc!
The worm closely misses you.
You barely miss the worm. You barely miss the worm.
The worm closely misses you.
You barely miss the worm. The worm bites you.
HP[-5]
You take 5 damage, and now have 22/32 hp.
You hit the worm. You hit the worm but do no damage.
The worm barely misses you.
You hit the worm. The worm closely misses you.
HP[+1]
You hit the worm. You hit the worm. The worm bites you.
HP[-2]
You take 2 damage, and now have 21/32 hp.
You completely miss the worm. The worm closely misses you.
You hit the worm. Lightning courses through the worm!
You kill the worm!
Your Short Blades skill increases to level 6!
Things that are here:
a +0 whip {mace}; a kobold corpse You start resting.
An orc comes into view. It is wielding a +0 hand axe.
HP[+10]
You regained 10 hp, and now have 31/32 hp.
HP[+1]
Your hp is fully restored (32).
The orc shouts!
You hit the orc but do no damage. Lightning courses through the orc!
You kill the orc!
An orc priest and an orc wizard come into view.
The orc wizard is wielding a +0 dagger of flaming.
The orc priest moves out of view.
You barely miss the orc wizard. The orc wizard completely misses you.
You hit the orc wizard.
The orc wizard hits you but does no damage.
You barely miss the orc wizard. The orc wizard closely misses you.
An orc priest comes into view. It is wielding a +0 flail.
The orc priest shouts!
You hit the orc wizard but do no damage.
You hear a shout! x2
The orc wizard hits you with a +0 dagger of flaming.
The orc wizard burns you.
HP[-2]
You take 2 damage, and now have 30/32 hp.
You hit the orc wizard but do no damage.
Lightning courses through the orc wizard!
You kill the orc wizard!
An orc wizard comes into view. It is wielding a +0 mace.
The orc priest invokes the aid of Beogh against you.
Beogh smites you!
Ouch! That really hurt!
* * * LOW HITPOINT WARNING * * *
The orc priest invokes the aid of Beogh against you.
Beogh smites you!
* * * LOW HITPOINT WARNING * * *
HP[-24]
You take 24 damage, and now have 6/32 hp.
MASSIVE DAMAGE!! (PAUSE)
Things that are here:
a +0 dagger of flaming {short}; a +0 robe You closely miss the orc priest.
The orc priest calls down the wrath of Beogh upon you.
You resist with some effort.
The orc priest hits you but does no damage.
You hit the orc priest.
Lightning courses through the orc priest!
You kill the orc priest!
The orc wizard completely misses you.
Training target 6.0 for Stealth reached!
Your Stealth skill increases to level 6!
You closely miss the orc priest.
The orc priest calls down the wrath of Beogh upon you.
Beogh smites you!
You die...

Skill      XL: |  1  2  3  4  5 |
---------------+----------------+-----
Stealth        | 3 4 5 6 |  6.0
Short Blades   | 5 6 |  6.4
Fighting       | |  3.2
Dodging        | |  3.6

Action                   |  1- 3 |  4- 6 || total
-------------------------+-------+-------++-------
Melee: Short sword       |    76 |    37 ||   113
       Whip              |       |    64 ||    64
       Punch             |       |     1 ||     1
Evoke: Wand              |       |     1 ||     1
 Stab: Sleeping          |    14 |     9 ||    23
       Distracted        |     1 |       ||     1
Armor: Robe              |     4 |       ||     4
       Leather armour    |     5 |    14 ||    19
Dodge: Dodged            |    24 |    54 ||    78

Levels and vault maps discovered:
D:1:      dpeg_arrival_rhombi, layout_basic,
          shapermc_ecumenical_altar_totnotflames, minmay_split_cup_large
D:2:      layout_basic, uniq_sigmund
D:3:      layout_basic, st_stairs_10, nrook_loot_triangle
D:4:      layout_basic, chequers_serial_rivers_micro_c, minivault_25,
          uniq_edmund

Notes
Turn   | Place    | Note
-------+----------+-------------------------------------------
     0 | D:1      | zeratav the Kobold Monk began the quest for the Orb.
     0 | D:1      | Reached XP level 1. HP: 14/14 MP: 1/1
     0 | D:1      | magus.rc [v1.9.6]
    70 | D:1      | Reached skill level 3 in Stealth
    89 | D:1      | Reached XP level 2. HP: 19/19 MP: 2/2
   170 | D:1      | HP: 2/19 [kobold/+0 short sword (3)]
   729 | D:1      | Reached XP level 3. HP: 23/23 MP: 3/3
   931 | D:1      | Found a faded altar of an unknown god.
  1290 | D:2      | Reached skill level 4 in Stealth
  1299 | D:2      | Reached skill level 5 in Short Blades
  1693 | D:2      | Noticed Sigmund
  1872 | D:2      | Reached XP level 4. HP: 20/28 MP: 4/4
  2604 | D:3      | Reached skill level 5 in Stealth
  3248 | D:3      | Reached XP level 5. HP: 17/32 MP: 5/5
  3634 | D:4      | Noticed Edmund
  3711 | D:4      | Reached skill level 6 in Short Blades
  3827 | D:4      | HP: 6/32 [orc priest/divine providence (7)]
  3831 | D:4      | Reached skill level 6 in Stealth
  3831 | D:4      | Killed from afar by an orc priest

Vanquished Creatures
  An orc priest (D:4)
  2 orc wizards
  3 adders
  3 worms
  A dart slug (D:1)
  6 orcs
  A ball python (D:1)
  6 endoplasms
  11 goblins
  5 hobgoblins
  3 quokkas
  4 bats
  3 frilled lizards
  7 kobolds
  6 rats
62 creatures vanquished.

Table legend:
 A = Non-vault XP
 B = Vault XP
 C = Vault XP percentage of total XP
 D = Non-vault monster count
 E = Vault monster count
 F = Vault count percentage of total count
                 A         B        C        D         E       F
            +---------+---------+-------+---------+---------+-------
      Total |     254 |      12 |   4.5 |      56 |       6 |   9.7
            +---------+---------+-------+---------+---------+-------
        D:1 |      29 |       6 |  17.1 |      16 |       4 |  20.0
        D:2 |      44 |       0 |   0.0 |      16 |       0 |   0.0
        D:3 |      89 |       6 |   6.3 |      18 |       2 |  10.0
        D:4 |      92 |       0 |   0.0 |       6 |       0 |   0.0
            +---------+---------+-------+---------+---------+-------

Illustrated notes

Table legend:
 A = Kills in this place as a percentage of kills in entire the game.
 B = Kills by you in this place as a percentage of kills by you in the entire game.
 C = Kills by friends in this place as a percentage of kills by friends in the entire game.
 D = Other kills in this place as a percentage of other kills in the entire game.
 E = Experience gained in this place as a percentage of experience gained in the entire game.
 F = Experience gained in this place divided by the number of levels of this place that you have seen.
                   A       B       C       D       E      F
               +-------+-------+-------+-------+-------+----------------------
         Total | 100.0 | 100.0 |   N/A |   N/A | 100.0 |  66.5
       Dungeon | 100.0 | 100.0 |   N/A |   N/A | 100.0 |  66.5
               +-------+-------+-------+-------+-------+----------------------

Table legend: (Time is in decaauts)
 A = Elapsed time spent in this place.
 B = Non-inter-level travel time spent in this place.
 C = Inter-level travel time spent in this place.
 D = Time resting spent in this place.
 E = Time spent auto-exploring this place.
 F = Levels seen in this place.
 G = Mean time per level.
                   A        B        C        D        E       F      G
               +--------+--------+--------+--------+--------+-----+--------+
         Total |   3818 |   3591 |    227 |    836 |   2195 |   4 |  954.5 |
       Dungeon |   3818 |   3591 |    227 |    836 |   2195 |   4 |  954.5 |
               +--------+--------+--------+--------+--------+-----+--------+

Top non-repeatable levels by time:
     D:3: 1512 daAuts
     D:1: 1281 daAuts
     D:2: 879 daAuts
     D:4: 145 daAuts
